 Dungeon Crawl Stone Soup version 0.25-a0-464-g3004169c2b (webtiles) character file.

Game seed: 11949576141811561316, levelgen mode: deterministic

156 sking99 the Firebug (level 5, 40/42 HPs)
             Began as a Hill Orc Fire Elementalist on Feb 5, 2020.
             Was an Initiate of Fedhas.
             Quit the game on level 1 of the Dungeon.
             The game lasted 00:07:31 (2623 turns).

sking99 the Firebug (Hill Orc Fire Elementalist)    Turns: 2623, Time: 00:07:31

Health: 40/42      AC:  2    Str: 11    XL:     5   Next: 37%
Magic:  4/7        EV: 12    Int: 16    God:    Fedhas [......]
Gold:   172        SH:  0    Dex: 11    Spells: 0/7 levels left

rFire    . . .     SeeInvis .   (no weapon)
rCold    . . .     Gourm    .   (no shield)
rNeg     . . .     Faith    .   a - +0 robe
rPois    .         Spirit   .   (no helmet)
rElec    .         Reflect  .   (no cloak)
rCorr    .         Harm     .   (no gloves)
MR       .....                  (no boots)
Stlth    ++........             (no amulet)
HPRegen  0.14/turn              (no ring)
MPRegen  0.10/turn              (no ring)

@: no status effects
A: no striking features
a: Renounce Religion


You were on level 1 of the Dungeon.
You worshipped Fedhas.
Fedhas was noncommittal.
You were not hungry.

You visited 1 branch of the dungeon, and saw 2 of its levels.

You collected 172 gold pieces.

Inventory:

Armour
 a - a +0 robe (worn)
 k - a +0 helmet
Jewellery
 p - an uncursed ring of stealth {unknown}
 q - an uncursed amulet of the acrobat {unknown}
 r - a +5 ring of intelligence {unknown}
Scrolls
 d - a scroll of magic mapping {unknown}
 e - 2 scrolls of teleportation {unknown}
 g - a scroll of enchant armour {unknown}
 l - a scroll of blinking {unknown}
 m - 2 scrolls of fog {unknown}
Potions
 b - a potion of haste {unknown}
 f - a potion of ambrosia {unknown}
 h - 2 potions of magic {unknown}
 i - 2 potions of might {unknown}
 n - a potion of curing {unknown}
 o - a potion of mutation {unknown}
Comestibles
 c - 5 rations
 j - 2 chunks of flesh


   Skills:
 + Level 2.7 Fighting
 - Level 1.5 Dodging
 - Level 1.5 Stealth
 - Level 1.5 Spellcasting
 + Level 2.5 Conjurations
 * Level 5.1 Fire Magic


You couldn't memorise any spells.
You knew the following spells:

 Your Spells              Type           Power        Failure   Level  Hunger
a - Foxfire               Conj/Fire      ##..         4%          1    ##.....
b - Conjure Flame         Conj/Fire      ##......     14%         3    ####...
c - Inner Flame           Hex/Fire       #.......     22%         3    ####...

Your spell library contained the following spells:

 Spells                   Type           Power        Failure   Level  Hunger
 Sticky Flame             Conj/Fire      ##......     41%         4    #####..
 Fireball                 Conj/Fire      ##........   77%         5    ######.


Dungeon Overview and Level Annotations

Branches:
Dungeon (2/15)

Altars:
Ashenzari
Fedhas

Annotations:
D:2 Sigmund


Message History

Casting: Conjure Flame (safe; 14% risk of failure)
Confirm with . or Enter, or press ? or * to list all spells.
You conjure some foxfire!
The foxfire hits Sigmund.
Sigmund is lightly wounded.
Sigmund mumbles some strange words.
Sigmund flickers and vanishes!
Deactivating autopickup; reactivate with Ctrl-A.
The foxfire hits something.
Casting: Foxfire (safe; 4% risk of failure)
Confirm with . or Enter, or press ? or * to list all spells.
You can't see any susceptible monsters within range! (Use Z to cast anyway.) Unknown command.
Something tries to affect you, but you resist.
There is a stone staircase leading up, spattered with blood here.
You climb upwards.
Reactivating autopickup.
There is a stone staircase leading down here.
Okay, then.
Are you sure you want to abandon this character and quit the game? (Confirm with "yes".)

#.......# #.)....#
#.#.###.########(#
#### #[#.# #.#..รท.#
#.# ...# #.#.#
#.##.#.###.# ...#
#.#.###.##.#....[#
...#
#.#...#.##.#######
...# #.###.#.##.#
...#######.###.#.##.#
................@##.#
....####).#########.#
....# #..#######...#
....# #..##...##.#.#
....# #..##...##.###
....# #..##.<.##.#
.#### #..##...##.# .#
#..##...##.# .#
###..###'###.#


There were no monsters in sight!

Vanquished Creatures
  An ogre (D:1)
  2 adders
  3 dart slugs (D:1)
  A leopard gecko (D:1)
  8 goblins
  2 hobgoblins (D:1)
  4 jackals
  A ball python (D:1)
  5 bats
  4 frilled lizards (D:1)
  5 kobolds
  10 rats
46 creatures vanquished.

Vanquished Creatures (others)
  126 foxfires
126 creatures vanquished.

Grand Total: 172 creatures vanquished

Notes
Turn   | Place    | Note
-------+----------+-------------------------------------------
     0 | D:1      | sking99 the Hill Orc Fire Elementalist began the quest for
                  | the Orb.
     0 | D:1      | Reached XP level 1. HP: 14/14 MP: 3/3
   333 | D:1      | Reached XP level 2. HP: 22/22 MP: 1/4
   379 | D:1      | Reached skill level 1 in Fighting
   908 | D:1      | Reached skill level 4 in Fire Magic
   908 | D:1      | Reached XP level 3. HP: 28/28 MP: 1/5
  1404 | D:1      | Learned a level 3 spell: Conjure Flame
  1561 | D:2      | Noticed an ogre
  1715 | D:1      | Killed an ogre
  1715 | D:1      | Reached skill level 5 in Fire Magic
  1715 | D:1      | Reached XP level 4. HP: 17/37 MP: 0/6
  1715 | D:1      | Reached XP level 5. HP: 19/42 MP: 0/7
  1886 | D:1      | Learned a level 3 spell: Inner Flame
  1895 | D:2      | Found a blossoming altar of Fedhas.
  1904 | D:2      | Noticed Sigmund
  2114 | D:2      | Became a worshipper of Fedhas Madash
  2438 | D:2      | Found a shattered altar of Ashenzari.
  2623 | D:1      | Quit the game

Levels and vault maps discovered:
D:1:      dpeg_arrival_rooms_a, layout_basic, minivault_5
D:2:      layout_rooms, lemuel_crystal_altar, first_ration,
          fedhas_ov_isle_minmay, uniq_sigmund

Skill      XL: |  1  2  3 |
---------------+----------+-----
Fighting       | 1 2 |  2.7
Fire Magic     | 4 5 |  5.1
Conjurations   | 2 |  2.5
Dodging        | |  1.5
Stealth        | |  1.5
Spellcasting   | |  1.5

Action                   |  1- 3 |  4- 6 || total
-------------------------+-------+-------++-------
Melee: Unarmed           |       |     3 ||     3
 Cast: Foxfire           |    56 |    21 ||    77
       Conjure Flame     |     2 |     2 ||     4
  Eat: Chunk             |     3 |     5 ||     8
Armor: Robe              |     3 |     4 ||     7
Dodge: Dodged            |    36 |    19 ||    55

Table legend:
 A = Non-vault XP
 B = Vault XP
 C = Vault XP percentage of total XP
 D = Non-vault monster count
 E = Vault monster count
 F = Vault count percentage of total count
                 A         B        C        D         E       F
            +---------+---------+-------+---------+---------+-------
      Total |     223 |       0 |   0.0 |      46 |       0 |   0.0
            +---------+---------+-------+---------+---------+-------
        D:1 |     191 |       0 |   0.0 |      33 |       0 |   0.0
        D:2 |      32 |       0 |   0.0 |      13 |       0 |   0.0
            +---------+---------+-------+---------+---------+-------
